Map: Fields of Death

Players

Regon

  • Race: Protoss Protoss
  • Spawn Location: 12:00

wedge

  • Race: Terran Terran
  • Spawn Location: 12:00

Exterminator - Winner!

  • Race: Terran Terran
  • League: Silver
  • Spawn Location: 7:00

Koka - Winner!

  • Race: Protoss Protoss
  • Spawn Location: 6:00

VOD

Have the link to the VOD?

Description

Time

  • Played on: Oct. 25, 2022, 10:37 p.m.
  • Length: 24:36
Show
View Real Time Build Order
Export as new Build Order

Regon Protoss 

Build Orders: Carriers 

Get SALT Encoding   

  12  0:01  Probe  
  13  0:18  Probe  
  14  0:22  Pylon  
  14  0:26  Assimilator  
  14  0:30  Probe  
  15  0:42  Probe (Chrono Boost)  
  16  0:48  Gateway  
  16  0:54  Probe (Chrono Boost)  
  17  1:03  Probe (Chrono Boost)  
  18  1:09  Probe  
  19  1:21  Probe  
  19  1:22  Pylon  
  20  1:33  Probe (Chrono Boost)  
  20  1:35  Forge  
  21  1:44  Probe (Chrono Boost)  
  22  1:48  Cybernetics Core  
  22  1:49  Probe (Chrono Boost)  
  23  1:58  Assimilator  
  23  1:59  Probe  
  24  2:11  Probe  
  25  2:16  Photon Cannon  
  25  2:21  Pylon  
  25  2:23  Probe  
  25  2:27  Pylon  
  26  2:35  Probe  
  27  2:54  Nexus  
  27  3:00  Assimilator  
  27  3:04  Assimilator, Stalker  
  29  3:30  Stargate  
  29  3:34  Stalker  
  29  3:37  Stargate  
  31  4:02  Stargate  
  31  4:04  Stalker  
  33  4:22  Probe (Chrono Boost)  
  34  4:30  Protoss Air Weapons Level 1  
  36  4:32  Probe (Chrono Boost)  
  36  4:34  Probe (Chrono Boost)  
  36  4:37  Probe (Chrono Boost)  
  36  4:42  Probe  
  38  4:48  Probe  
  43  4:54  Probe  
  43  4:56  Void Ray (Chrono Boost)  
  44  5:00  Probe  
  44  5:06  Probe  
  50  5:07  Void Ray (Chrono Boost)  
  50  5:13  Probe  
  51  5:18  Probe  
  52  5:25  Void Ray (Chrono Boost), Probe (Chrono Boost)  
  57  5:37  Probe (Chrono Boost)  
  58  5:46  Probe (Chrono Boost)  
  59  5:51  Probe  
  60  6:03  Probe  
  61  6:19  Pylon  
  61  6:20  Pylon  
  61  6:23  Nexus, Pylon  
  61  6:26  Assimilator  
  61  6:29  Pylon  
  61  6:30  Assimilator  
  61  6:31  Pylon  
  61  6:33  Pylon  
  61  6:37  Photon Cannon  
  61  6:45  Probe  
  62  6:57  Probe  
  62  6:58  Void Ray x2 (Chrono Boost)  
  75  7:07  Shield Battery  
  75  7:08  Void Ray (Chrono Boost)  
  75  7:09  Photon Cannon, Probe  
  75  7:14  Photon Cannon  
  76  7:19  Photon Cannon  
  76  7:21  Probe  
  81  7:34  Void Ray  
  81  7:35  Probe (Chrono Boost)  
  81  7:36  Void Ray  
  87  7:38  Probe (Chrono Boost)  
  88  7:45  Probe (Chrono Boost)  
  88  7:50  Probe (Chrono Boost)  
  89  8:02  Probe  
  94  8:08  Void Ray  
  98  8:12  Fleet Beacon  
  98  8:14  Probe  
  98  8:17  Void Ray (Chrono Boost)  
  99  8:26  Probe  
  88  8:38  Probe  
  89  8:52  Void Ray (Chrono Boost)  
  101  8:57  Void Ray (Chrono Boost)  
  101  9:01  Void Ray (Chrono Boost)  
  105  9:28  Void Ray  
  83  10:19  Void Ray (Chrono Boost)  
  94  10:29  Void Ray (Chrono Boost)  
  94  10:30  Void Ray (Chrono Boost)  
  90  10:40  Protoss Air Armor Level 1  
  88  10:56  Carrier (Chrono Boost)  
  88  10:57  Carrier (Chrono Boost)  
  100  11:05  Carrier (Chrono Boost)  
  100  11:09  Pylon  
  100  11:11  Pylon  
  100  11:26  Flux Vanes  
  100  11:42  Probe  
  101  11:49  Mothership  
  101  11:53  Carrier  
  101  11:54  Carrier, Probe  
  122  12:03  Tempest  
  122  12:06  Probe  
  128  12:19  Probe  
  129  12:31  Probe  
  101  12:52  Tempest (Chrono Boost)  
  101  13:10  Tempest x2 (Chrono Boost)  
  111  13:24  Probe  
  117  13:35  Tempest (Chrono Boost)  
  117  13:36  Probe  
  118  13:42  Nexus  
  118  13:43  Carrier (Chrono Boost)  
  130  13:48  Probe  
  130  13:53  Carrier (Chrono Boost)  
  131  14:00  Probe  
  132  14:12  Probe  
  132  14:14  Carrier (Chrono Boost)  
  131  14:40  Carrier  
  131  14:51  Carrier  
  137  14:58  Mothership (Chrono Boost)  
  145  15:16  Carrier  
  151  15:27  Protoss Air Weapons Level 2 (Chrono Boost)  
  151  15:29  Pylon  
  151  15:30  Pylon  
  151  15:32  Pylon, Probe  
  151  15:34  Pylon  
  152  15:36  Pylon  
  152  15:39  Pylon  
  152  15:44  Probe  
  152  15:47  Tempest  
  158  15:54  Tempest  
  158  15:56  Probe  
  165  16:13  Probe (Chrono Boost)  
  165  16:20  Tempest  
  165  16:22  Probe (Chrono Boost)  
  171  16:30  Carrier  
  177  16:38  Carrier  
  183  16:46  Unknown  
  183  17:03  Tempest  
  188  17:57  Protoss Air Armor Level 2  
  122  18:56  Carrier x2 (Chrono Boost)  
  122  18:57  Carrier (Chrono Boost)  
  140  19:07  Assimilator  
  140  19:08  Probe  
  141  19:11  Assimilator  
  141  19:19  Mothership  
  141  19:20  Probe  
  150  19:32  Probe  
  151  19:44  Probe  
  152  19:51  Carrier  
  152  19:52  Carrier x2  
  143  20:56  Carrier x2  
  125  22:21  Carrier (Chrono Boost)  
  125  22:22  Tempest x2 (Chrono Boost)  
  141  22:45  Nexus  
  141  22:57  Tempest  
Show
View Real Time Build Order
Export as new Build Order

wedge Terran 

Build Orders:  

Get SALT Encoding   

  12  0:05  SCV  
  13  0:18  SCV  
  14  0:25  Supply Depot  
  14  0:30  SCV  
  15  0:46  SCV  
  16  0:58  SCV  
  16  1:01  Barracks  
  17  1:08  Refinery  
  17  1:10  Refinery  
  17  1:11  SCV  
  18  1:23  SCV  
  19  1:35  SCV  
  20  1:47  SCV  
  20  1:48  Supply Depot  
  21  1:59  SCV, Engineering Bay  
  22  2:11  Factory, SCV  
  22  2:14  Reaper  
  24  2:23  SCV  
  25  2:35  SCV  
  26  2:46  Reaper  
  26  2:51  Command Center  
  27  2:58  SCV  
  28  3:10  SCV  
  29  3:15  Hellion  
  31  3:25  Supply Depot  
  31  3:34  Supply Depot  
  31  3:46  SCV, Reaper  
  31  3:48  Supply Depot  
  33  3:55  Terran Infantry Weapons Level 1  
  33  3:56  Supply Depot  
  33  3:58  SCV, Hellion  
  36  4:10  SCV x2  
  38  4:18  Reaper  
  38  4:22  SCV x2  
  41  4:30  Supply Depot  
  43  4:31  Hellion  
  43  4:35  SCV  
  44  4:50  Reaper  
  44  4:52  Starport  
  47  4:53  Hellion  
  47  5:01  Starport  
  47  5:06  Starport  
  47  5:13  Supply Depot  
  47  5:23  Reaper  
  48  5:30  SCV  
  48  5:32  Orbital Command  
  49  5:37  Starport Reactor  
  49  5:38  Starport Reactor  
  49  5:43  SCV  
  49  5:46  Starport  
  49  5:47  Starport  
  49  5:49  Starport  
  50  5:50  Starport Reactor  
  50  5:55  Reaper  
  37  6:20  Viking x2  
  41  6:28  Refinery  
  41  6:29  SCV  
  41  6:31  Refinery  
  42  6:42  SCV  
  42  6:50  Viking  
  44  7:08  SCV  
  45  7:10  Viking  
  45  7:13  Viking  
  49  7:17  Viking  
  49  7:18  Viking  
  49  7:20  Viking, SCV  
  56  7:32  SCV  
  57  7:43  Viking  
  59  7:51  Starport Reactor  
  59  7:52  Starport Reactor  
  59  7:56  Viking x2  
  59  7:57  Viking  
  59  7:58  Viking  
  67  8:04  Viking  
  54  8:42  Starport Reactor  
  54  8:43  Viking x2  
  54  8:44  Viking x2  
  54  8:45  Viking  
  64  8:50  Viking  
  66  9:15  Viking  
  66  9:17  Viking x2  
  70  9:18  Factory Tech Lab  
  70  9:20  Viking  
  74  9:40  Siege Tank  
  77  10:12  Siege Tank  
  80  10:39  Viking x2  
  80  10:40  Viking  
  86  11:08  Supply Depot  
  86  11:12  Supply Depot  
  86  11:18  Supply Depot  
  86  11:20  Supply Depot  
  86  11:34  Viking x4  
  86  11:39  Viking x3  
  102  11:40  Hellion  
  102  11:42  Viking x4  
  110  12:09  Supply Depot  
  110  12:12  Supply Depot  
  110  12:19  Supply Depot  
  110  12:21  Supply Depot  
  110  12:31  Viking x4  
  110  12:34  Viking x2  
  100  13:16  Viking x2  
  100  13:17  Viking x2  
  100  13:18  Viking x4  
  100  13:19  Viking  
  118  13:37  Supply Depot x2  
  118  13:45  Supply Depot  
  118  13:58  Viking  
  100  14:56  Viking x2  
  100  14:57  Viking  
  100  14:58  Viking x3  
  112  15:26  Viking  
  112  15:27  Viking  
  116  15:33  Viking  
  116  15:34  Viking  
  116  15:35  Viking  
  122  15:36  Viking  
  124  17:45  Viking  
  124  17:46  Viking x4  
  124  17:47  Viking x3  
  124  17:48  Viking  
  142  17:53  Supply Depot  
  142  18:05  Viking  
  142  18:15  Viking x2  
  64  20:42  Viking x2  
  68  20:43  Viking x2  
  68  20:44  Viking  
  68  20:45  Viking  
  76  20:57  Viking  
  66  21:12  Viking x2  
  66  21:13  Viking x2  
  66  21:14  Viking  
  76  21:22  Viking  
  78  21:42  Viking  
  78  21:43  Viking  
Show
View Real Time Build Order
Export as new Build Order

Exterminator Terran - Winner!

Build Orders:  

Get SALT Encoding   

  12  0:00  SCV  
  13  0:16  SCV  
  14  0:25  Supply Depot  
  14  0:28  SCV  
  15  0:46  SCV  
  16  0:51  Barracks  
  16  0:59  SCV  
  17  1:04  Refinery  
  17  1:11  SCV  
  18  1:25  Command Center  
  18  1:42  Orbital Command  
  18  1:50  Marine  
  19  1:54  Barracks  
  19  2:07  Barracks  
  19  2:08  Marine  
  20  2:21  Supply Depot  
  20  2:22  SCV  
  21  2:34  SCV  
  22  2:56  Command Center  
  22  3:01  Marine x2  
  22  3:04  Marine  
  25  3:12  SCV  
  27  3:16  Orbital Command  
  26  3:23  Marine x2  
  26  3:24  SCV  
  29  3:27  Marine  
  30  3:37  SCV  
  30  3:41  Marine x2  
  31  3:44  SCV  
  31  3:45  Marine  
  35  3:49  SCV  
  36  3:59  Marine x2  
  36  4:01  Refinery  
  38  4:03  Marine  
  38  4:04  Factory  
  39  4:13  Barracks  
  39  4:18  Barracks  
  39  4:21  Bunker  
  39  4:25  Engineering Bay  
  39  4:27  SCV x2  
  41  4:39  Barracks Reactor  
  41  4:40  Barracks Reactor  
  41  4:42  Barracks Tech Lab  
  41  4:51  Factory Tech Lab  
  41  4:56  Starport  
  41  4:58  Planetary Fortress  
  41  5:23  SCV x2  
  43  5:30  Marine x3  
  43  5:31  Marine  
  43  5:32  Marauder  
  43  5:34  Barracks Reactor x2  
  43  5:35  SCV  
  50  5:40  Combat Shield  
  50  5:51  Refinery  
  52  5:57  Marine x4, Marauder  
  52  6:00  Refinery  
  55  6:11  Siege Tank  
  58  6:13  Marine x2  
  58  6:14  Marine  
  61  6:26  Supply Depot  
  61  6:28  Supply Depot  
  61  6:29  Supply Depot, Terran Infantry Weapons Level 1  
  61  6:47  Marine x8  
  61  6:49  Marine  
  61  6:51  SCV  
  71  7:05  Marine x3  
  71  7:08  SCV x3  
  77  7:10  Barracks  
  77  7:13  Barracks  
  77  7:17  Marine  
  77  7:18  Marine x4  
  77  7:20  SCV  
  83  7:23  Stimpack  
  83  7:24  Starport Reactor  
  83  7:30  Starport  
  83  7:37  Supply Depot  
  83  7:38  Supply Depot  
  83  7:39  Marine x2  
  85  7:46  Refinery  
  85  7:52  Missile Turret  
  85  7:59  Siege Tank  
  61  8:37  Marine  
  61  8:38  Marine x6  
  61  8:39  Marine  
  61  8:40  Marauder  
  71  8:49  Barracks Reactor x2  
  71  8:55  Marine x2  
  71  8:56  Marine x3, Starport Reactor  
  71  8:59  Medivac  
  71  9:00  Medivac  
  80  9:04  Marine x4  
  80  9:08  Terran Infantry Armor Level 1  
  84  9:10  SCV x3  
  84  9:13  Marine  
  88  9:22  SCV, Marine x2  
  88  9:23  Marine x5  
  96  9:25  Marauder  
  96  9:29  Medivac  
  100  10:21  Marine  
  101  10:28  Supply Depot  
  101  10:30  Supply Depot  
  101  10:32  Supply Depot, Marine x3  
  101  10:33  Marine x3  
  101  10:34  Marine x2  
  101  10:35  Marine x2  
  100  10:37  Marine, Medivac  
  101  10:50  SCV x2, Marauder, Medivac x2  
  101  10:51  Medivac  
  101  10:52  SCV  
  101  10:56  Command Center  
  112  10:57  Marine x5  
  112  10:58  Marine x4  
  112  10:59  Marine x3  
  124  11:07  Armory  
  124  11:08  SCV  
  125  11:18  Supply Depot  
  125  11:20  Supply Depot  
  125  11:23  Supply Depot  
  125  11:39  SCV x3  
  130  11:40  Marauder  
  130  11:51  SCV x3  
  133  11:56  Factory  
  133  12:00  Factory, Terran Infantry Weapons Level 2  
  133  12:03  SCV  
  133  12:04  Engineering Bay  
  134  12:09  Siege Tank  
  110  13:02  Medivac x4  
  118  13:06  Factory Tech Lab  
  118  13:07  Factory Tech Lab  
  118  13:08  Siege Tank  
  118  13:11  Marine x2  
  118  13:12  Marine x6  
  127  13:13  Marine x4  
  127  13:14  Marauder  
  127  13:18  Orbital Command  
  135  13:24  SCV x3  
  138  13:28  Siege Tank x2  
  138  13:32  Medivac x4  
  152  13:36  SCV x3  
  156  13:48  SCV  
  156  13:53  Missile Turret, Siege Tank  
  156  13:54  Missile Turret  
  159  13:56  Missile Turret  
  139  14:53  SCV x4  
  139  14:54  Marine x2  
  139  14:55  Marine x6  
  139  14:56  Marine x4  
  139  14:57  Marauder  
  157  15:03  Medivac x3  
  157  15:05  SCV  
  164  15:46  Supply Depot  
  164  15:47  Supply Depot  
  164  15:51  Supply Depot  
  164  15:53  Refinery x2  
  164  16:07  Medivac x4  
  164  16:08  Siege Tank x2  
  178  16:13  Siege Tank  
  181  16:27  Marine x2  
  181  16:28  Marine x5  
  188  16:35  Supply Depot x2  
  188  16:37  Terran Infantry Armor Level 2  
  188  16:48  Concussive Shells  
  188  16:56  Marine x5, Siege Tank  
  188  16:57  Marine, Siege Tank  
  200  17:02  Command Center  
  200  17:16  Missile Turret x2  
  200  17:17  Viking  
  200  17:18  Medivac  
  200  17:19  Viking  
  200  17:34  Viking  
  198  17:37  Missile Turret x2  
  198  17:56  Missile Turret  
  198  17:57  Missile Turret  
  163  18:45  SCV x3  
  162  18:57  SCV  
  162  19:20  Missile Turret  
  162  19:21  Missile Turret x2  
  162  19:22  Missile Turret x2  
  162  19:23  Missile Turret  
  162  19:24  Missile Turret  
  162  19:26  Missile Turret  
  162  19:27  Missile Turret  
  162  19:42  Hi-Sec Auto Tracking  
  162  19:44  Terran Infantry Weapons Level 3  
  157  20:34  Marine x3  
  157  20:35  Marine x6  
  164  20:36  Marine x3  
  164  20:37  Marauder  
  163  21:09  Marine x5  
  163  21:10  Marine x5  
  163  21:11  Marine  
  166  21:35  Medivac x4  
  174  21:42  Cyclone  
  172  21:48  Cyclone  
  173  22:01  Cyclone  
  173  22:11  Marine  
  174  22:21  Supply Depot  
  174  22:22  Supply Depot  
  174  22:24  Supply Depot  
  174  22:42  Marine x4, Medivac  
  180  22:44  Marine x3  
  180  22:45  Marine x4  
  180  22:46  Marine x2  
  189  23:05  Command Center  
  189  23:09  Command Center  
  157  24:00  Missile Turret  
  157  24:01  Missile Turret  
  157  24:02  Missile Turret  
Show
View Real Time Build Order
Export as new Build Order

Koka Protoss - Winner!

Build Orders: Forge Fast Expand (FFE), Carriers 

Get SALT Encoding   

  12  0:01  Probe  
  13  0:18  Pylon  
  13  0:34  Probe  
  14  0:47  Forge  
  14  1:10  Nexus  
  14  1:25  Photon Cannon  
  14  1:28  Probe  
  15  1:40  Probe  
  15  1:46  Photon Cannon  
  16  1:55  Assimilator  
  16  1:58  Assimilator  
  16  1:59  Probe  
  17  2:15  Photon Cannon  
  17  2:22  Probe  
  18  2:33  Probe  
  18  2:34  Probe  
  20  2:46  Probe x2  
  22  2:55  Gateway  
  22  2:58  Probe x2  
  24  3:10  Probe  
  25  3:16  Pylon  
  25  3:21  Pylon  
  25  3:23  Probe  
  26  3:27  Pylon  
  26  3:34  Assimilator  
  26  3:38  Assimilator  
  26  3:42  Probe  
  27  3:52  Cybernetics Core  
  27  3:55  Probe  
  28  3:57  Pylon  
  28  4:02  Pylon  
  28  4:07  Probe  
  29  4:13  Cybernetics Core  
  29  4:16  Probe  
  30  4:19  Probe  
  31  4:28  Probe  
  32  4:40  Photon Cannon, Probe  
  34  4:52  Probe  
  34  4:55  Stargate  
  34  4:58  Stargate  
  34  5:01  Stargate  
  34  5:04  Probe  
  35  5:07  Stargate  
  35  5:11  Stargate  
  35  5:16  Photon Cannon  
  35  5:21  Photon Cannon  
  35  5:24  Photon Cannon  
  35  5:28  Probe  
  36  5:40  Probe  
  37  5:49  Nexus  
  41  5:52  Void Ray, Probe  
  42  6:04  Probe  
  47  6:14  Void Ray  
  47  6:15  Assimilator  
  47  6:16  Probe  
  48  6:19  Assimilator  
  48  6:32  Void Ray  
  56  6:35  Void Ray  
  60  7:13  Void Ray  
  60  7:14  Probe  
  60  7:15  Void Ray  
  69  7:16  Void Ray  
  69  7:26  Probe  
  74  7:39  Probe  
  74  7:42  Void Ray  
  75  7:46  Pylon, Probe  
  76  7:58  Nexus, Probe  
  77  8:11  Probe  
  77  8:12  Void Ray  
  86  8:14  Void Ray  
  86  8:18  Assimilator  
  90  8:25  Void Ray, Assimilator  
  90  8:30  Photon Cannon  
  90  8:33  Photon Cannon  
  94  8:53  Void Ray  
  94  8:55  Void Ray  
  98  9:11  Photon Cannon  
  98  9:13  Probe  
  98  9:16  Void Ray  
  103  9:25  Probe  
  108  9:36  Void Ray  
  108  9:38  Robotics Facility  
  90  10:19  Void Ray  
  94  10:22  Void Ray  
  94  10:27  Warp Gate  
  94  10:36  Nexus  
  94  10:37  Pylon  
  94  10:52  Pylon  
  94  10:59  Shield Battery  
  94  11:02  Shield Battery  
  98  11:05  Void Ray  
  98  11:08  Shield Battery  
  102  11:15  Void Ray  
  102  11:18  Void Ray  
  106  11:25  Fleet Beacon  
  106  11:43  Nexus  
  106  11:47  Photon Cannon  
  110  11:48  Void Ray  
  110  11:51  Shield Battery  
  114  11:55  Photon Cannon  
  114  11:58  Void Ray  
  114  12:01  Void Ray  
  118  12:16  Probe  
  119  12:27  Anion Pulse-Crystals  
  119  12:28  Probe, Robotics Bay  
  120  12:35  Carrier  
  130  12:40  Probe  
  130  12:41  Void Ray  
  131  12:52  Probe  
  128  12:59  Void Ray  
  128  13:04  Probe  
  129  13:11  Probe  
  130  13:18  Photon Cannon  
  130  13:23  Probe  
  130  13:24  Carrier  
  137  13:31  Flux Vanes  
  137  13:35  Assimilator  
  137  13:36  Probe  
  137  13:39  Assimilator  
  142  13:42  Void Ray  
  142  13:48  Probe  
  143  14:00  Probe  
  144  14:12  Probe  
  144  14:15  Mothership  
  117  14:24  Probe  
  117  14:28  Carrier  
  82  14:57  Stargate  
  82  15:00  Stargate  
  82  15:22  Carrier  
  82  15:24  Carrier  
  82  15:26  Carrier  
  100  15:29  Tempest  
  105  15:49  Probe  
  106  15:56  Probe  
  107  16:01  Probe  
  108  16:08  Nexus, Unknown, Probe  
  109  16:12  Tempest  
  109  16:14  Probe  
  115  16:20  Probe  
  116  16:26  Nexus, Carrier, Probe  
  116  16:28  Carrier  
  116  16:31  Carrier  
  136  16:32  Probe  
  136  16:35  Stargate, Tempest  
  136  16:37  Tempest  
  146  17:03  Nexus  
  145  17:32  Carrier  
  88  18:05  Carrier  
  88  18:07  Carrier  
  86  18:20  Void Ray  
  86  18:37  Photon Cannon  
  90  19:03  Void Ray  
  96  19:10  Carrier, Nexus  
  96  19:12  Carrier  
  85  19:46  Void Ray  
  88  19:58  Void Ray  
  92  20:00  Void Ray  
  92  20:06  Photon Cannon  
  96  20:08  Photon Cannon  
  102  20:14  Carrier  
  102  20:16  Carrier  
  102  20:17  Assimilator  
  92  20:41  Void Ray  
  93  20:43  Void Ray  
  93  20:47  Probe  
  94  20:59  Probe  
  95  21:11  Probe  
  94  21:23  Probe  
  94  21:24  Void Ray  
  89  21:26  Void Ray  
  89  21:36  Probe  
  86  21:44  Carrier  
  92  21:47  Tempest  
  97  22:09  Void Ray  
  93  22:25  Tempest  
  98  22:30  Tempest  
  98  22:33  Assimilator  
  103  22:46  Tempest  
  104  23:21  Carrier  
  104  23:24  Tempest  
  103  23:29  Tempest  
Tags
 
Add a new tag
Caveats
  • Supply blocks, unpowered buildings, or Contaminate may cause inaccurate times.
  • Supply counts are checked every 10 seconds.